 Dungeon Crawl Stone Soup version 0.24.0-37-gcf1ca852f1 (webtiles) character file.

Game seed: 6004985220999267291, levelgen mode: deterministic

50 FishyPogo the Charmwright (level 3, -2/31 HPs)
             Began as a Gnoll Skald on Dec 7, 2019.
             Was an Initiate of Qazlal.
             Slain by a gnoll
             ... wielding a +0 whip
              (8 damage)
             ... on level 2 of the Dungeon.
             The game lasted 00:04:45 (699 turns).

FishyPogo the Charmwright (Gnoll Skald)              Turns: 699, Time: 00:04:46

Health: -2/31      AC:  3    Str: 13    XL:     3   Next: 79%
Magic:  0/9        EV: 16    Int: 16    God:    Qazlal [......]
Gold:   60         SH:  0    Dex: 14    Spells: 1/12 levels left

rFire    . . .     SeeInvis .   a - +0 short sword
rCold    . . .     Gourm    .   (no shield)
rNeg     . . .     Faith    .   h - +0 leather armour (curse)
rPois    .         Spirit   .   (no helmet)
rElec    .         Reflect  .   (no cloak)
rCorr    .         Harm     .   (no gloves)
MR       +....                  (no boots)
Stlth    +.........             (no amulet)
HPRegen  1.10/turn              e - +2 ring of evasion
MPRegen  0.11/turn              f - ring of protection from magic

@: regenerating
A: distributed training, fangs 1, strong nose
a: Renounce Religion


You were on level 2 of the Dungeon.
You worshipped Qazlal.
Qazlal was noncommittal.
You were not hungry.

You visited 1 branch of the dungeon, and saw 2 of its levels.

You collected 60 gold pieces.

Inventory:

Hand Weapons
 a - a +0 short sword (weapon)
Missiles
 b - 27 stones (quivered)
Armour
 h - a cursed +0 leather armour (worn)
Jewellery
 e - a +2 ring of evasion (left hand)
 f - a ring of protection from magic (right hand)
Scrolls
 g - a scroll of remove curse {unknown}
 i - a scroll of identify {unknown}
Potions
 j - a potion of brilliance {unknown}
Comestibles
 c - 6 chunks of flesh
 d - 2 rations


   Skills:
 + Level 4.5 Fighting
 + Level 4.5 Short Blades
 + Level 0.9 Long Blades
 + Level 0.9 Axes
 + Level 0.9 Maces & Flails
 + Level 0.9 Polearms
 + Level 0.9 Staves
 + Level 0.9 Slings
 + Level 0.9 Bows
 + Level 0.9 Crossbows
 + Level 0.9 Throwing
 + Level 2.6 Armour
 + Level 4.5 Dodging
 + Level 0.9 Stealth
 + Level 0.9 Shields
 + Level 0.9 Unarmed Combat
 + Level 5.0 Spellcasting
 + Level 0.6 Conjurations
 + Level 0.6 Hexes
 + Level 5.4 Charms
 + Level 0.6 Summonings
 + Level 0.6 Necromancy
 + Level 0.6 Translocations
 + Level 0.6 Transmutations
 + Level 0.6 Fire Magic
 + Level 0.6 Ice Magic
 + Level 0.6 Air Magic
 + Level 0.6 Earth Magic
 + Level 0.6 Poison Magic
 + Level 1.0 Invocations
 + Level 0.9 Evocations


You had one spell level left.
You knew the following spells:

 Your Spells              Type           Power        Failure   Level  Hunger
h - Regeneration          Chrm/Necr      ##........   17%         3    ###....
n - Spectral Weapon       Hex/Chrm       ##......     17%         3    ###....
p - Shroud of Golubria    Chrm/Tloc      ##....       9%          2    #......
u - Song of Slaying       Chrm           ###.....     3%          2    #......
y - Infusion              Chrm           ###.         1%          1    None

Your spell library contained the following spells:

 Spells                   Type           Power        Failure   Level  Hunger


Dungeon Overview and Level Annotations

Branches:
Dungeon (2/15)

Altars:
Fedhas
Qazlal
Wu Jian
Yredelemnul


Innate Abilities, Weirdness & Mutations

Your experience applies equally to all skills.
You have very sharp teeth.
Your uncanny sense of smell can sniff out nearby items.


Message History

Your skin stops crawling.
The gnoll hits you with a cursed +0 whip.
* * * LOW HITPOINT WARNING * * *
Your song has ended.
The gnoll falls through a shaft!
The shaft crumbles and collapses.
You hit the gnoll but do no damage. Your bite misses the gnoll.
The gnoll is moderately wounded.
The gnoll hits you with a cursed +0 whip.
* * * LOW HITPOINT WARNING * * *
You hit the gnoll.
The gnoll is severely wounded.
The gnoll misses you.
Your magical contamination has completely faded away.
Casting: Regeneration (safe; 17% risk of failure)
Confirm with . or Enter, or press ? or * to list all spells.
Your skin crawls.
The gnoll closely misses you.
You hit the gnoll. Your bite misses the gnoll.
The gnoll is moderately wounded.
The gnoll hits you with a +0 whip!
You die...

..#.._......
#......8.....
#......_....
#..........
###.........#
##.........g.###
#.........##.†.#
...........##.#g#
.........@....#(#
.......g######.#
.......g######.#
..#..........#.#
#............#
#..........########.
#...................
#...........######..
###.#....####.#


You could see 2 gnolls.

Vanquished Creatures
  A gnoll (D:2)
  A worm (D:2)
  A dart slug (D:1)
  2 leopard geckos (D:1)
  3 giant cockroaches
  4 goblins (D:1)
  5 hobgoblins
  A quokka (D:2)
  2 ball pythons
  6 bats (D:1)
  A frilled lizard (D:1)
  3 kobolds
  A rat (D:1)
31 creatures vanquished.

Notes
Turn   | Place    | Note
-------+----------+-------------------------------------------
     0 | D:1      | FishyPogo the Gnoll Skald began the quest for the Orb.
     0 | D:1      | Reached XP level 1. HP: 20/20 MP: 6/6
    35 | D:1      | Reached XP level 2. HP: 15/26 MP: 3/7
    45 | D:1      | Learned a level 2 spell: Song of Slaying
    48 | D:1      | Learned a level 2 spell: Shroud of Golubria
   358 | D:1      | Reached XP level 3. HP: 28/31 MP: 9/9
   363 | D:1      | Learned a level 3 spell: Regeneration
   367 | D:1      | Learned a level 3 spell: Spectral Weapon
   510 | D:1      | Reached skill level 5 in Spellcasting
   589 | D:2      | Found a blossoming altar of Fedhas.
   596 | D:2      | Found a stormy altar of Qazlal.
   600 | D:2      | Became a worshipper of Qazlal Stormbringer
   645 | D:2      | Found an ornate altar of the Wu Jian Council.
   646 | D:2      | Found a basalt altar of Yredelemnul.
   660 | D:2      | Reached skill level 1 in Invocations
   666 | D:2      | HP: 1/31 [something/+0 whip (1)]
   699 | D:2      | Slain by a gnoll

Levels and vault maps discovered:
D:1:      ncdulo_lavacross, layout_rooms, chequers_serial_rivers_micro_a,
          minmay_unequal
D:2:      layout_basic, grunt_temple_overflow_forces_of_nature,
          chequers_temple_overflow_statue_of_worship, minmay_domino_4

Skill      XL: |  1  2  3 |
---------------+----------+-----
Spellcasting   | 5 |  5.0
Invocations    | 1 |  1.0
Fighting       | |  4.5
Short Blades   | |  4.5
Long Blades    | |  0.9
Axes           | |  0.9
Maces & Flails | |  0.9
Polearms       | |  0.9
Staves         | |  0.9
Slings         | |  0.9
Bows           | |  0.9
Crossbows      | |  0.9
Throwing       | |  0.9
Armour         | |  2.6
Dodging        | |  4.5
Stealth        | |  0.9
Shields        | |  0.9
Unarmed Combat | |  0.9
Conjurations   | |  0.6
Hexes          | |  0.6
Charms         | |  5.4
Summonings     | |  0.6
Necromancy     | |  0.6
Translocations | |  0.6
Transmutations | |  0.6
Fire Magic     | |  0.6
Ice Magic      | |  0.6
Air Magic      | |  0.6
Earth Magic    | |  0.6
Poison Magic   | |  0.6
Evocations     | |  0.9

Action                   || total
-------------------------++-------
Melee: Short sword       ||   105
       Bite              ||     9
 Cast: Infusion          ||     4
       Shroud of Golubri ||     3
       Regeneration      ||     2
       Spectral Weapon   ||     2
       Song of Slaying   ||     1
 Stab: Sleeping          ||     1
Armor: Leather armour    ||    14
Dodge: Dodged            ||    83
